 Dungeon Crawl Stone Soup version 0.20-a0-960-ge493e74 (webtiles) character file.

64 Murumi the Covert (level 4, -4/39 HPs)
             Began as a Naga Assassin on Apr 7, 2017.
             Slain by a gnoll (7 damage)
             ... on level 1 of the Dungeon.
             The game lasted 00:05:02 (1693 turns).

Murumi the Covert (Naga Assassin)                   Turns: 1693, Time: 00:05:02

Health: -4/39      AC:  3    Str: 13    XL:     4   Next: 12%
Magic:  13/13      EV:  9    Int: 12    God:
Gold:   111        SH:  0    Dex: 13    Spells: 3/3 levels left

rFire    . . .     SeeInvis +   a - +2 dagger
rCold    . . .     Gourm    .   (no shield)
rNeg     . . .     Faith    .   c - +0 robe
rPois    +         Spirit   .   (no helmet)
rElec    .         Reflect  .   d - +0 cloak
rCorr    .         Harm     .   (no gloves)
MR       .....                  (no barding)
Stlth    ++++......             (no amulet)
Regen    0.2/turn               t - ring of magical power
MPRegen  0.2/turn               (no ring)

@: very slow
A: see invisible, deformed body, poison resistance, slowness 2, slow metabolism
1, spit poison 1, AC +1
a: Spit Poison


You were on level 1 of the Dungeon.
You were not hungry.

You visited 1 branch of the dungeon, and saw 2 of its levels.

You collected 111 gold pieces.

Inventory:

Hand Weapons
 a - a +2 dagger (weapon)
 b - a +0 blowgun
Missiles
 e - 8 poisoned needles
 f - 2 curare-tipped needles
 h - 5 needles of sleeping
 j - 58 stones (quivered)
 o - 8 tomahawks
Armour
 c - a +0 robe (worn)
 d - a +0 cloak (worn)
Jewellery
 m - an uncursed amulet of harm {unknown}
 t - a ring of magical power (left hand)
Scrolls
 s - 2 scrolls of remove curse
Potions
 i - 2 potions of curing {unknown}
 l - a potion of heal wounds {unknown}
 p - a potion of flight {unknown}
 r - a potion of mutation {unknown}
Comestibles
 g - 4 bread rations
 k - a fruit
 n - a meat ration
 q - 2 royal jellies
 u - 3 chunks of flesh


   Skills:
 - Level 2.0 Fighting
 - Level 2.0 Short Blades
 - Level 2.0 Throwing
 - Level 1.0 Dodging
 + Level 8.1 Stealth


You had 3 spell levels left.
You didn't know any spells.

Dungeon Overview and Level Annotations

Branches:
Dungeon (2/15)

Altars:
Cheibriados


Innate Abilities, Weirdness & Mutations

You cannot wear boots.
Your serpentine skin is tough. (AC +1)
You have supernaturally acute eyesight. (SInv)
Armour fits poorly on your strangely shaped body.
Your system is resistant to poisons. (rPois)
You cover ground very slowly.
You have a slow metabolism.
You can spit poison.


Message History

The gnoll is severely wounded.
The gnoll hits you!
You completely miss the gnoll.
The gnoll is severely wounded.
The gnoll barely misses you.
You hit the gnoll but do no damage.
The gnoll is severely wounded.
The gnoll barely misses you.
You hit the gnoll but do no damage.
The gnoll is severely wounded.
The gnoll hits you!
* * * LOW HITPOINT WARNING * * *
You hit the gnoll.
The gnoll is almost dead.
The gnoll hits you.
* * * LOW HITPOINT WARNING * * *
You hit the gnoll.
The gnoll is almost dead.
The gnoll hits you!
You die...

####################
..........##.......####
..#######.##..........#
#.# #.##.###.#.##.# #.#
#......g@#.##.# ..##
####.##.....#.# .#.##
#.###......# ###.#
######........#.# .#.##
#...............# ....#
#.......##..###.# .##.#
#.......##......# .##.#
#.......#.....### .##.#
#.......#.....#


You could see a gnoll.

Vanquished Creatures
  3 adders (D:2)
  An ooze (D:1)
  A worm (D:2)
  2 dart slugs (D:1)
  A leopard gecko (D:1)
  2 bats
  2 giant cockroaches
  3 goblins
  2 hobgoblins (D:2)
  A quokka (D:1)
  4 frilled lizards
  2 kobolds
  3 rats
27 creatures vanquished.

Notes
Turn   | Place    | Note
-------+----------+-------------------------------------------
     0 | D:1      | Murumi the Naga Assassin began the quest for the Orb.
     0 | D:1      | Reached XP level 1. HP: 19/19 MP: 1/1
    81 | D:1      | Reached skill level 6 in Stealth
   291 | D:1      | Reached skill level 1 in Dodging
   314 | D:1      | Reached XP level 2. HP: 18/26 MP: 2/2
  1055 | D:2      | Reached skill level 7 in Stealth
  1055 | D:2      | Reached XP level 3. HP: 24/32 MP: 3/3
  1336 | D:2      | Found a snail-covered altar of Cheibriados.
  1578 | D:2      | Reached skill level 8 in Stealth
  1578 | D:2      | Reached XP level 4. HP: 39/39 MP: 4/4
  1693 | D:1      | Slain by a gnoll

Vault maps used:
D:1:      onia_arrival_pentagram, kennysheep_boxes
D:2:      overflow_temple_1_default, first_bread

Skill      XL: |  1  2  3 |
---------------+----------+-----
Stealth        | 6 7 8 |  8.1
Dodging        | 1 |  1.0
Throwing       | 2 |  2.0
Fighting       | |  2.0
Short Blades   | |  2.0

Action                   |  1- 3 |  4- 6 || total
-------------------------+-------+-------++-------
Melee: Dagger            |    78 |    14 ||    92
 Fire: Blowgun           |     1 |       ||     1
Throw: Stone             |     1 |     3 ||     4
 Abil: Spit Poison       |     3 |     1 ||     4
  Use: Scroll            |     4 |       ||     4
 Stab: Sleeping          |     7 |       ||     7
       Distracted        |     1 |       ||     1
  Eat: Chunk             |     1 |     1 ||     2
Armor: Robe              |    21 |       ||    21
Dodge: Dodged            |    25 |     5 ||    30
